 Dungeon Crawl Stone Soup version 0.28-a0-998-gb9e9c7b67e (webtiles) character file.

Game seed: 16222825755550898012

4 pdpol the Grasshopper (level 1, -1/18 HPs)
             Began as a Palentonga Warper on Dec 5, 2021.
             Slain by a quokka (3 damage)
             ... on level 1 of the Dungeon.
             The game lasted 00:00:37 (356 turns).

pdpol the Grasshopper (Palentonga Warper)            Turns: 356, Time: 00:00:37

Health: -1/18      AC:  4    Str: 14    XL:     1   Next: 50%
Magic:  3/3        EV:  9    Int: 13    God:
Gold:   7          SH:  0    Dex:  9    Spells: 4/4 levels left

rFire   . . .      SeeInvis +   a - +0 mace
rCold   . . .      Faith    .   (no shield)
rNeg    . . .      Spirit   .   b - +0 leather armour
rPois   .          Reflect  .   (no helmet)
rElec   .          Harm     .   (no cloak)
rCorr   .          Rampage  .   (no gloves)
Will    .....                   (no barding)
Stlth   +.........              (no amulet)
HPRegen 0.06/turn               (no ring)
MPRegen 0.08/turn               (no ring)

@: no status effects
A: large, rugged brown scales 3, see invisible, deformed body, roll 1, armoured
tail
a: Rolling Charge


You were on level 1 of the Dungeon.
You visited 1 branch of the dungeon, and saw 1 of its levels.

You collected 7 gold pieces.

Inventory:

Hand Weapons
 a - a +0 mace (weapon)
Missiles
 d - 5 boomerangs of dispersal (quivered) {=f}
Armour
 b - a +0 leather armour (worn)
Scrolls
 c - a scroll of blinking {!r}
Potions
 e - a potion of flight {unknown}


   Skills:
 + Level 2.4 Fighting
 - Level 2.0 Maces & Flails
 - Level 0.6 Throwing
 - Level 0.7 Armour
 - Level 1.5 Dodging
 - Level 2.0 Spellcasting
 - Level 3.0 Translocations


You had 4 spell levels left.
You didn't know any spells.
Your spell library contained the following spells:

 Spells                   Type           Power      Damage    Failure   Level
 Blink                    Tloc           18%        N/A       14%         2
 Gell's Gravitas          Tloc           9%         N/A       28%         3
 Lesser Beckoning         Tloc           9%         N/A       28%         3
 Teleport Other           Tloc           9%         N/A       28%         3
 Manifold Assault         Tloc           9%         N/A       95%         5


Dungeon Overview and Level Annotations

Branches:
Dungeon (1/15)

Altars:


Innate Abilities, Weirdness & Mutations

You are completely covered in rugged brown scales. (AC +3, +7% HP)
You have supernaturally acute eyesight. (SInv)
Armour fits poorly on your strangely shaped body.
You can roll at nearby foes to attack.
You have a long armoured tail.


Message History

The jackal bites you but does no damage.
You completely miss the jackal.
The jackal bites you but does no damage.
You hit the jackal.
You kill the jackal!
The jackal barks!
You see here a jackal corpse.
You closely miss the jackal. You tail-slap the jackal.
The jackal barely misses you.
The jackal bites you but does no damage.
You barely miss the jackal.
The jackal bites you but does no damage.
The jackal bites you.
You take 1 damage, and have 16/17 hp.
You completely miss the jackal. You tail-slap the jackal.
The jackal bites you but does no damage.
You hit the jackal.
You kill the jackal!
You see here a jackal corpse.
A quokka comes into view.
Health restored: 18 The quokka bites you but does no damage.
You hit the quokka. The quokka bites you. x2
You take 5 damage, and have 13/18 hp.
GAME OVER YEAH!!
You completely miss the quokka.
The quokka bites you but does no damage.
You hit the quokka. The quokka bites you. The quokka barely misses you.
You take 2 damage, and have 11/18 hp.
You barely miss the quokka. The quokka closely misses you.
You closely miss the quokka.
Your tail-slap misses the quokka.
The quokka bites you. x2
* * * LOW HITPOINT WARNING * * *
You take 6 damage, and have 5/18 hp.
GAME OVER YEAH!!
You hit the quokka but do no damage. The quokka bites you.
* * * LOW HITPOINT WARNING * * *
You take 3 damage, and have 2/18 hp.
You barely miss the quokka. The quokka barely misses you. The quokka bites you.
You die...

#.# ########...##.
#.# ##.#.#.#. ##.#
### #........ ... ..#
#..#.#.#. # #r# #.#
###.#...##.
#.##.#####.#
#........#.
#........#.#
#.#.#....#.
#.##.###r#.#
#.#.##.#...
#...@...###.#.##.#..#
#####...............#
##..###.#.##.#..#
#..# #.#....#.. #..#
#.#.### #..# #.# ...#
#.# ##.## #.# #.# ...


You could see a quokka.

Vanquished Creatures
  2 jackals (D:1)
  A ball python (D:1)
  A frilled lizard (D:1)
4 creatures vanquished.

Notes
Turn   | Place    | Note
-------+----------+-------------------------------------------
     0 | D:1      | pdpol the Palentonga Warper began the quest for the Orb.
     0 | D:1      | Reached XP level 1. HP: 17/17 MP: 3/3
   356 | D:1      | Slain by a quokka

Illustrated notes

Levels and vault maps discovered:
D:1:      psy_arrival_basics, layout_loops_ring

Action                   || total
-------------------------++-------
Melee: Mace              ||    19
       Tailslap          ||     3
Armor: Leather armour    ||     8
Dodge: Dodged            ||     7

Table legend: (Time is in decaauts)
 A = Elapsed time spent in this place.
 B = Non-inter-level travel time spent in this place.
 C = Inter-level travel time spent in this place.
 D = Time resting spent in this place.
 E = Time spent auto-exploring this place.
 F = Levels seen in this place.
 G = Mean time per level.
                   A        B        C        D        E       F      G
               +--------+--------+--------+--------+--------+-----+--------+
         Total |    361 |    361 |      0 |     89 |    184 |   1 |  361.0 |
       Dungeon |    361 |    361 |      0 |     89 |    184 |   1 |  361.0 |
               +--------+--------+--------+--------+--------+-----+--------+

Top non-repeatable levels by time:
     D:1: 361 daAuts
